 Dungeon Crawl Stone Soup version 0.17.1-1-g73c8601 (webtiles) character file.

98 Arkorax the Changer (level 4, -1/28 HPs)
             Began as an Octopode Transmuter on Dec 21, 2015.
             Was a Believer of Cheibriados.
             Killed from afar by Sneal's ghost (6 damage)
             ... with a magic dart
             ... on level 3 of the Dungeon.
             The game lasted 00:04:20 (2873 turns).

Arkorax the Changer (Octopode Transmuter)           Turns: 2873, Time: 00:04:20

Health: -1/28      AC:  1    Str: 13    XL:     4   Next: 71%
Magic:  5/7        EV: 13    Int: 19    God:    Cheibriados [**....]
Gold:   113        SH:  0    Dex: 17    Spells: 3 memorised, 0 levels left

rFire  . . .     SeeInvis .       - Unarmed
rCold  . . .     Clarity  .     (no shield)
rNeg   . . .     SustAt   .     (helmet restricted)
rPois  .         Gourm    .     (no amulet)
rElec  .         Spirit   .     (no ring)
rCorr  .         Warding  .     (no ring)
rMut   .         Stasis   .     (no ring)
MR     .....                    (no ring)
Stlth  +++.......               (no ring)
                                (no ring)
                                (no ring)
                                (no ring)

@: flying, very slow, not resistant to hostile enchantments, fairly stealthy
A: almost no armour, amphibious, 8 rings, constrict 8, camouflage 1, gelatinous
body 1
a: Bend Time, Renounce Religion


You were on level 3 of the Dungeon.
You worshipped Cheibriados.
Cheibriados was pleased with you.
You were full.

You visited 1 branch of the dungeon, and saw 3 of its levels.

You collected 113 gold pieces.

Inventory:

Missiles
 a - 7 arrows
Scrolls
 c - a scroll of random uselessness {unknown}
 d - a scroll of identify {unknown}
 e - a scroll of recharging {unknown}
 f - a scroll of teleportation {unknown}
 h - 4 scrolls of remove curse {unknown}
Potions
 g - 2 potions of agility
Books
 b - a book of Changes

   Spells                             Type                      Level
   a - Beastly Appendage              Transmutation                1
   b - Sticks to Snakes               Transmutation                2
   c - Spider Form                    Transmutation/Poison         3
   d - Ice Form                       Ice/Transmutation            4
   e - Blade Hands                    Transmutation                5
Comestibles
 j - a bread ration
 l - a meat ration
 n - 2 fruits


   Skills:
 - Level 1.0 Fighting
 - Level 2.0 Dodging
 - Level 3.4 Unarmed Combat
 - Level 2.0 Spellcasting
 * Level 4.2 Transmutations
 * Level 1.0 Ice Magic


You couldn't memorise any spells.
You knew the following spells:

 Your Spells              Type           Power        Failure   Level  Hunger
a - Beastly Appendage     Trmt           ###...       3%          1    #......
b - Sticks to Snakes      Trmt           ###.......   6%          2    ###....
c - Ice Form              Ice/Trmt       ##......     63%         4    #####..


Dungeon Overview and Level Annotations

Branches:
Dungeon (3/15)

Altars:
Cheibriados
Vehumet

Annotations:
D:3 Sneal's ghost, amateur DgCj


Innate Abilities, Weirdness & Mutations

You cannot wear most types of armour.
You are amphibious.
You can wear up to eight rings at the same time.
You can use your tentacles to constrict eight enemies at once.
Your skin changes colour to match your surroundings (Stealth).
Your rubbery body absorbs attacks (AC +1).


Message History

It was a potion of cancellation.
Your magical effects are unravelling.
You feel magically purged.
You feel a little less agile now.
Sneal's ghost points at you and mumbles some strange words.
The magic dart hits you!
Drink which item? (? for menu, Esc to quit)
It was a potion of flight.
You feel very buoyant.
You fly up into the air.
Sneal's ghost gestures at you while chanting.
The magic dart hits you!
* * * LOW HITPOINT WARNING * * *
Casting: Sticks to Snakes
Confirm with . or Enter, or press ? or * to list all spells.
You create a snake!
Sneal's ghost barely misses you.
Your adder misses Sneal's ghost. Sneal's ghost casts a spell at you.
The magic dart hits you!
You die...

###...#.##
#.##.# #
........ #.##.#
# #.....# #.##.#
# #.....###
#.##.# #.....#
#.##.### #..##.#
#.##.... #).##.#
#.###### #.W##.#
#.# #..##@# #.#
##.#.#.# #.#
##.###WS# #.#
#.######.##
##.#########.#
#.......##
##..........#
.........##
##.###########
#########.###.##
##.#.## ##.##


You could see Sneal's ghost and a friendly adder.

Vanquished Creatures
  2 adders (D:2)
  A giant gecko (D:3)
  3 orcs (D:3)
  5 giant cockroaches (D:2)
  6 goblins
  14 hobgoblins
  2 jackals (D:1)
  A quokka (D:2)
  A ball python (D:2)
  5 bats
  5 giant newts
  6 kobolds
  12 rats
63 creatures vanquished.

Vanquished Creatures (collateral kills)
  An adder (D:2)
  3 orcs (D:3)
4 creatures vanquished.

Grand Total: 67 creatures vanquished

Notes
Turn   | Place    | Note
--------------------------------------------------------------
     0 | D:1      | Arkorax the Octopode Transmuter began the quest for the Orb.
     0 | D:1      | Reached XP level 1. HP: 13/13 MP: 3/3
   382 | D:1      | Reached XP level 2. HP: 4/18 MP: 3/5
   698 | D:1      | Learned a level 2 spell: Sticks to Snakes
  1231 | D:2      | Reached XP level 3. HP: 21/23 MP: 4/6
  1259 | D:2      | Found a snail-covered altar of Cheibriados.
  1275 | D:2      | Became a worshipper of Cheibriados the Contemplative
  1327 | D:2      | HP: 1/23 [giant cockroach (1)]
  1786 | D:2      | Reached XP level 4. HP: 23/28 MP: 2/7
  1864 | D:2      | Reached skill level 4 in Transmutations
  1914 | D:2      | Learned a level 4 spell: Ice Form
  1945 | D:2      | Reached * piety under Cheibriados
  2421 | D:3      | Found a radiant altar of Vehumet.
  2683 | D:3      | Found a faded altar to an unknown god.
  2691 | D:3      | Reached skill level 1 in Ice Magic
  2789 | D:3      | Reached ** piety under Cheibriados
  2858 | D:3      | Noticed Sneal's ghost (amateur DgCj)
  2873 | D:3      | Killed from afar by Sneal's ghost

Action                   |  1- 3 |  4- 6 || total
-------------------------+-------+-------++-------
Melee: Unarmed           |    83 |    52 ||   135
 Cast: Beastly Appendage |     7 |       ||     7
       Sticks to Snakes  |     2 |     3 ||     5
  Use: Potion            |       |     4 ||     4
 Stab: Sleeping          |     9 |     4 ||    13
       Distracted        |       |     1 ||     1
  Eat: Bread ration      |     1 |       ||     1
       Meat ration       |       |     1 ||     1
